 Dungeon Crawl Stone Soup version 0.31.0-4-g52a2dc7128 (webtiles) character file.

Game seed: 14557781294525309243

9069 Armakuni the Reanimator (level 11, -2/62 HPs)
             Began as a Vine Stalker Necromancer on Jan 22, 2024.
             Was a High Priest of Okawaru.
             Slain by an eight-headed hydra (11 damage)
             ... on level 1 of the Lair of Beasts on Jan 23, 2024.
             The game lasted 00:32:21 (8682 turns).

Armakuni the Reanimator (Vine Stalker Necromancer)  Turns: 8682, Time: 00:32:21

Health: -2/62      AC: 12    Str: 15    XL:     11   Next: 40%
Magic:  0/24       EV: 22    Int: 15    God:    Okawaru [*****.]
Gold:   466        SH:  0    Dex: 18    Spells: 12/26 levels left

rFire   . . .        a - +2 short sword (flame)
rCold   . . .        (no shield)
rNeg    . . .        o - +0 steam dragon scales
rPois   +            p - +2 hat of the Eternal Fruit {Str+3 Stlth+}
rElec   .            u - +2 cloak {rPois}
rCorr   +            (no gloves)
SInv    .            m - +1 pair of boots "Lepharch" {rCorr}
Will    +....        M - amulet of magic regeneration
Stlth   +++          C - +5 ring of evasion
HPRegen 1.10/turn    E - +5 ring of evasion
MPRegen 0.59/turn

%: guardian spirit
@: no status effects
A: fangs 3, regeneration 1, magic shield, antimagic bite, no potion heal 2
a: Renounce Religion, Heroism, Finesse, Duel


You were on level 1 of the Lair of Beasts.
You worshipped Okawaru.
Okawaru was extremely pleased with you.
You visited 3 branches of the dungeon, and saw 11 of its levels.

You collected 466 gold pieces.

Inventory:

Hand Weapons
 a - a +2 short sword of flaming (weapon)
 b - a +0 orcbow of chaos
Missiles
 g - 3 throwing nets
 l - 2 curare-tipped darts
Armour
 m - the +1 pair of boots "Lepharch" (worn) {rCorr}
   (You found it on level 2 of the Dungeon)

   rCorr:     It protects you from acid and corrosion.
 o - +0 steam dragon scales (worn)
 p - the +2 hat of the Eternal Fruit (worn) {Str+3 Stlth+}
   (You found it on level 3 of the Dungeon)

   Str+3:     It affects your strength (+3).
   Stlth+:    It makes you more stealthy.
 u - a +2 cloak of poison resistance (worn)
Jewellery
 C - a +5 ring of evasion (left hand)
 E - a +5 ring of evasion (right hand)
 M - an amulet of magic regeneration (around neck)
 P - a ring of poison resistance
Wands
 r - a wand of roots (17)
 v - a wand of flame (24)
 B - a wand of quicksilver (6)
Scrolls
 f - 2 scrolls of silence
 h - a scroll of teleportation
 q - 5 scrolls of fear
 w - a scroll of revelation
 y - a scroll of immolation
 A - a scroll of enchant armour
 D - a scroll of vulnerability
Potions
 c - 3 potions of lignification
 i - 2 potions of magic
 j - a potion of enlightenment {unknown}
 k - a potion of invisibility {unknown}
 s - a potion of haste {unknown}
 t - 2 potions of curing {unknown}
 x - 3 potions of might {unknown}
 z - a potion of mutation {unknown}


   Skills:
 - Level 9.0 Fighting
 + Level 5.1 Ranged Weapons
 + Level 2.2 Dodging
 - Level 2.4 Stealth
 - Level 8.2 Spellcasting
 - Level 10.0 Necromancy
 - Level 4.6 Invocations
 - Level 2.0 Evocations


You had 12 spell levels left.
You knew the following spells:

 Your Spells              Type           Power      Damage    Failure   Level
a - Necrotise             Necr           100%       1d9       1%          1
c - Curse of Agony        Necr           36%        N/A       5%          5
i - Inner Flame           Hex/Fire       6%         N/A       34%         3
s - Sublimation of Blood  Necr           36%        N/A       1%          2
z - Vampiric Draining     Necr           36%        2d8       1%          3

Your spell library contained the following spells:

 Spells                   Type           Power      Damage    Failure   Level
 Magic Dart               Conj           24%        1d4       12%         1
 Searing Ray              Conj           12%        2d4       19%         2
 Dazzling Flash           Conj/Hex       12%        N/A       34%         3
 Volatile Blastmotes      Fire/Tloc      12%        2d11      34%         3
 Flame Wave               Conj/Fire      6%         2d5       75%         4
 Fulminant Prism          Conj/Alch      3%         3d5       75%         4
 Olgreb's Toxic Radiance  Alch           6%         N/A       75%         4
 Sticky Flame             Fire/Alch      6%         2d4       75%         4
 Eringya's Noxious Bog    Alch           3%         4d6       100%        6
 Starburst                Conj/Fire      3%         6d3       100%        6
 Ozocubu's Refrigeration  Ice            3%         4d8       100%        7
 Discord                  Hex            3%         N/A       100%        8
 Maxwell's Capacitive Co  Air            3%         ∞         100%        8
 Animate Dead             Necr           Unusable   N/A       N/A         4
 Call Imp                 Summ           Unusable   N/A       N/A         2
 Summon Forest            Summ/Tloc      Unusable   N/A       N/A         5
 Summon Hydra             Summ           Unusable   N/A       N/A         7

Dungeon Overview and Level Annotations

Branches:
Dungeon (9/15)             Temple (1/1) D:4            Lair (1/5) D:9
    Orc: D:9-12

Altars:
Ashenzari
Cheibriados
Dithmenos
Elyvilon
Fedhas
Gozag
Hepliaklqana
Kikubaaqudgha
Makhleb
Nemelex Xobeh
Okawaru
Qazlal
Ru
Sif Muna
Trog
Uskayaw
Vehumet
Wu Jian
Xom
Yredelemnul
Zin

Shops:
D:5 [

Annotations:
D:6 3 runed translucent doors, sanka's ghost, novice DgHu


Innate Abilities, Weirdness & Mutations

You have razor-sharp teeth.
Your natural rate of healing is unusually fast.
When hurt, damage is shared between your health and your magic reserves.
Your bite disrupts and absorbs the magic of your enemies.
Potions cannot restore your health.


Message History

The eight-headed hydra is lightly wounded.
You shoot an arrow. The arrow hits the eight-headed hydra!
The eight-headed hydra is moderately wounded.
You shoot an arrow. The arrow hits the eight-headed hydra!
The eight-headed hydra seems to slow down.
The arrow freezes the eight-headed hydra!
The eight-headed hydra is severely wounded.
You shoot an arrow.
The arrow completely misses the eight-headed hydra.
You shoot an arrow. The arrow hits the eight-headed hydra.
The eight-headed hydra seems to grow stronger.
The eight-headed hydra is severely wounded.
You shoot an arrow. The arrow hits the eight-headed hydra.
The eight-headed hydra is severely wounded.
The eight-headed hydra is no longer moving slowly.
Your +2 short sword of flaming bursts into flame!
a - a +2 short sword of flaming (weapon)
The eight-headed hydra bites you!!
The eight-headed hydra closely misses you.
The eight-headed hydra misses you.
The eight-headed hydra bites you but does no damage.
The eight-headed hydra bites you!
The eight-headed hydra barely misses you.
The eight-headed hydra closely misses you.
The eight-headed hydra bites you!
Casting: Vampiric Draining (safe; 1% risk of failure)
Confirm with . or Enter, or press ? or * to list all spells.
Aiming: Vampiric Draining (safe; 1% risk of failure)
Press: ? - help, Shift-Dir - straight line, f/p - eight-headed hydra
Aim: an eight-headed hydra (severely wounded, strong)
You draw life force from the eight-headed hydra!
You feel life coursing into your body.
The eight-headed hydra barely misses you.
The eight-headed hydra completely misses you.
The eight-headed hydra bites you! The eight-headed hydra misses you.
The eight-headed hydra bites you!!
* * * LOW HITPOINT WARNING * * *
The eight-headed hydra completely misses you.
The eight-headed hydra bites you!
You die...

#.......## ........#
#......... ........#
#.^......# ........##
#........# ........P
#.......## #........##
###.......##
#.......#.###.#.........
#......D................
#......@................
#...>...................
+......................#
..........#####.......##
.........## #........#
.###.##### ########.# ##
###


You could see an eight-headed hydra (strong).

Vanquished Creatures
  An ogre mage (D:8)
  A boulder beetle (D:8)
  A death yak (Lair:1)
  A tengu warrior (D:8)
  Pikel (D:4)
  A manticore (D:8)
  A kobold demonologist (D:9)
  Maggie (D:8)
  A komodo dragon (D:9)
  6 yaks
  2 wyverns
  2 steam dragons
  A basilisk (D:8)
  2 water moccasins
  2 orc warriors
  An ogre (D:5)
  7 centaurs
  3 kobold brigands
  3 bullfrogs
  A gnoll sergeant (D:8)
  2 scorpions (D:5)
  5 wights (D:9)
  14 killer bees
  4 howler monkeys
  3 bombardier beetles
  Crazy Yiuf (D:4)
  A hound (D:4)
  7 orc priests
  2 jellies
  8 orc wizards
  4 iguanas
  9 gnolls
  11 adders
  A shadow imp (D:6)
  3 ribbon worms
  22 orcs
  3 ball pythons
  3 bats
  An endoplasm (D:4)
  3 giant cockroaches
  4 goblins
  6 hobgoblins
  3 jackals (D:2)
  26 kobolds
  4 quokkas
  5 rats
194 creatures vanquished.

Vanquished Creatures (collateral kills)
  A dart slug (D:2)
  2 endoplasms (D:1)
3 creatures vanquished.

Vanquished Creatures (others)
  2 orcs (D:7)
2 creatures vanquished.

Grand Total: 199 creatures vanquished

Notes
Turn   | Place    | Note
-------+----------+-------------------------------------------
     0 | D:1      | Armakuni the Vine Stalker Necromancer began the quest for
                  | the Orb.
     0 | D:1      | Reached XP level 1. HP: 9/9 MP: 4/4
   163 | D:1      | Reached XP level 2. HP: 13/13 MP: 1/6
   884 | D:2      | Reached XP level 3. HP: 16/16 MP: 2/7
   938 | D:2      | Reached skill level 5 in Necromancy
  1148 | D:2      | Learned a level 3 spell: Vampiric Draining
  1374 | D:2      | Identified the +1 pair of boots "Lepharch" {rCorr}
  1500 | D:3      | Found a snail-covered altar of Cheibriados.
  1626 | D:3      | Reached XP level 4. HP: 21/21 MP: 4/8
  1711 | D:3      | Identified the +2 hat of the Eternal Fruit {Str+3 Stlth+}
  2406 | D:4      | Reached skill level 1 in Evocations
  2420 | D:4      | Reached XP level 5. HP: 24/24 MP: 6/9
  2540 | D:4      | Found a staircase to the Ecumenical Temple.
  2553 | D:4      | Reached skill level 6 in Necromancy
  2651 | Temple   | Entered the Ecumenical Temple
  2671 | Temple   | Became a worshipper of Warmaster Okawaru
  2837 | D:4      | Reached XP level 6. HP: 28/28 MP: 8/10
  2956 | D:4      | Found a runed translucent door.
  2957 | D:4      | Noticed Crazy Yiuf
  2965 | D:4      | Killed Crazy Yiuf
  3111 | D:4      | Reached skill level 7 in Necromancy
  3379 | D:4      | Noticed Pikel
  3392 | D:4      | Killed Pikel
  3392 | D:4      | Reached * piety under Okawaru
  3393 | D:4      | Reached skill level 9 in Necromancy
  3393 | D:4      | Reached XP level 7. HP: 32/32 MP: 11/11
  3396 | D:4      | Learned a level 2 spell: Sublimation of Blood
  3506 | D:5      | Entered Level 5 of the Dungeon
  3508 | D:5      | Found Unaorph's Armour Boutique.
  3665 | D:5      | Gained mutation: You have razor-sharp teeth. [Vine Stalker
                  | growth]
  3665 | D:5      | Reached XP level 8. HP: 36/36 MP: 7/12
  3777 | D:5      | Found an ornate altar of the Wu Jian Council.
  3855 | D:5      | Reached ** piety under Okawaru
  3856 | D:5      | Reached skill level 10 in Necromancy
  4450 | D:6      | Found an opulent altar of Gozag.
  4471 | D:6      | Learned a level 5 spell: Curse of Agony
  4617 | D:6      | Reached skill level 1 in Invocations
  4663 | D:6      | Found a runed translucent gate.
  4663 | D:6      | Found a runed translucent gate.
  4664 | D:6      | Found a runed translucent gate.
  4715 | D:6      | Reached skill level 5 in Spellcasting
  4735 | D:6      | Noticed sanka's ghost (novice DgHu)
  4756 | D:6      | Reached XP level 9. HP: 39/39 MP: 17/17
  4761 | D:6      | Reached *** piety under Okawaru
  5402 | D:7      | Found a shimmering blue altar of Sif Muna.
  5444 | D:7      | Reached skill level 1 in Fighting
  5846 | D:8      | Reached skill level 1 in Ranged Weapons
  5891 | D:8      | Reached **** piety under Okawaru
  5906 | D:8      | Noticed an ogre mage
  5920 | D:8      | Reached skill level 5 in Fighting
  5929 | D:8      | Noticed a manticore
  5949 | D:8      | Killed an ogre mage
  5950 | D:8      | Reached XP level 10. HP: 41/53 MP: 13/20
  5958 | D:8      | Killed a manticore
  5958 | D:8      | Reached ***** piety under Okawaru
  5968 | D:8      | Noticed a boulder beetle
  5984 | D:8      | Killed a boulder beetle
  6133 | D:8      | Noticed a tengu warrior
  6164 | D:8      | Killed a tengu warrior
  6627 | D:7      | Received a gift from Okawaru
  7033 | D:8      | Found a bloodstained altar of Trog.
  7310 | D:8      | Noticed Maggie
  7327 | D:8      | Killed Maggie
  7681 | D:8      | Learned a level 3 spell: Inner Flame
  7773 | D:9      | Reached XP level 11. HP: 59/60 MP: 24/24
  8138 | D:9      | Found a staircase to the Lair.
  8349 | D:9      | Received a gift from Okawaru
  8559 | Lair:1   | Entered Level 1 of the Lair of Beasts
  8566 | Lair:1   | Noticed a death yak
  8599 | Lair:1   | Killed a death yak
  8600 | Lair:1   | Reached skill level 5 in Ranged Weapons
  8670 | Lair:1   | Noticed an eight-headed hydra
  8682 | Lair:1   | Slain by an eight-headed hydra

Illustrated notes

Levels and vault maps discovered:
D:1:      mrwooster_arrival_statue_3, layout_basic, kennysheep_flooded_box
D:2:      layout_rooms, hellmonk_ecumenical_altar_inner_sanctum
D:3:      layout_basic, slow_altar_2, kennysheep_generic_room_10
D:4:      layout_basic, temple_pool_b, uniq_pikel, uniq_crazy_yiuf_cottage
D:5:      layout_loops_ring, mainiacjoe_overflow_chevrons, serial_shops,
          shop_fountains, grunt_ministairs_1
D:6:      layout_basic, grunt_gozag_breadcrumbs, gammafunk_ghost_icy,
          minivault_27
D:7:      layout_gridville, mainiacjoe_overflow_paths
D:8:      layout_basic, kennysheep_mini, nicolae_doodle_vault, uniq_maggie
D:9:      layout_loops_ring, david_lair_shrubbed
Temple:   nicolae_temple_elliptical
Lair:1:   layout_gridlike, serial_rivers, chequers_serial_rivers_micro_d,
          chequers_serial_rivers_micro_a, chequers_serial_rivers_room_a,
          chequers_serial_rivers_micro_a, chequers_serial_rivers_small_b,
          chequers_serial_rivers_marsh

Skill      XL: |  1  2  3  4  5  6  7  8  9 10 11 |
---------------+----------------------------------+-----
Necromancy     | 5 6 9 10 | 10.0
Evocations     | 1 2 |  2.0
Spellcasting   | 5 6 8 |  8.2
Invocations    | 3 4 |  4.6
Fighting       | 6 8 9 |  9.0
Ranged Weapons | 2 3 5 |  5.1
Dodging        | 2 |  2.2
Stealth        | |  2.4

Action                     |  1- 3 |  4- 6 |  7- 9 | 10-12 || total
---------------------------+-------+-------+-------+-------++-------
  Melee: Dagger            |     7 |     1 |       |       ||     8
         Bite              |     1 |    22 |    79 |    81 ||   183
         Short sword       |       |    75 |   285 |   190 ||   550
         Punch             |       |     1 |    10 |     3 ||    14
   Fire: Orcbow            |       |       |     2 |    71 ||    73
  Throw: Dart              |       |       |       |     3 ||     3
   Cast: Necrotise         |    51 |    21 |    43 |     2 ||   117
         Vampiric Draining |       |       |     8 |    16 ||    24
         Sublimation of Bl |       |       |     1 |       ||     1
         Curse of Agony    |       |       |       |     5 ||     5
  Evoke: Wand              |       |    21 |     5 |     4 ||    30
    Use: Scroll            |       |       |    10 |     3 ||    13
         Potion            |       |       |     1 |       ||     1
   Stab: Sleeping          |     1 |     8 |     3 |     4 ||    16
 Armour: Robe              |    13 |    29 |   227 |     7 ||   276
         Steam dragon scal |       |       |       |   101 ||   101
  Dodge: Dodged            |    15 |    48 |   271 |   294 ||   628
